 Dungeon Crawl Stone Soup version 0.17-a0-1554-g3b847ca (webtiles) character file.

122 Gorice the Bolt Thrower (level 4, -1/54 HPs)
             Began as a Centaur Wanderer on July 19, 2015.
             Slain by a killer bee (3 damage)
             ... on level 3 of the Dungeon.
             The game lasted 00:12:47 (2199 turns).

Gorice the Bolt Thrower (Centaur Wanderer)          Turns: 2199, Time: 00:12:48

Health: -1/54      AC: 22    Str: 17    XL:     4   Next: 78%
Magic:  7/7        EV:  1    Int: 14    God:
Gold:   74         SH:  0    Dex: 15    Spells: 0 memorised, 7 levels left

rFire  . . .     SeeInvis .     a - +0 trident
rCold  . . .     Clarity  .     (armour currently unavailable)
rNeg   + + +     SustAt   .     (no shield)
rPois  +         Gourm    .     (helmet currently unavailable)
rElec  .         Spirit   .     (cloak currently unavailable)
rCorr  .         Warding  .     (gloves currently unavailable)
rMut   .         NoTele   +     (no barding)
MR     .....                    (no amulet)
Stlth  ++........               m - ring of positive energy
                                i - +6 ring of intelligence

@: agile, lethally poisoned (-1 -> -16), tree-form, not resistant to hostile
enchantments, unstealthy
A: (hooves 0), (deformed body), (speed 0), (tough skin 0)
a: no special abilities


You were on level 3 of the Dungeon.
You were not hungry.
You were a tree.
You visited 1 branch of the dungeon, and saw 3 of its levels.

You collected 74 gold pieces.

Inventory:

Hand weapons
 a - a +0 trident (weapon)
 b - a +0 hand crossbow
 v - a +0 blowgun
 x - a +0 short sword
Missiles
 c - 13 bolts
 w - 5 poisoned needles
 Z - 117 stones (quivered)
Armour
 e - a +0 robe
 g - a +0 ring mail (melded)
 k - a +0 chain mail
 s - a +1 pair of gloves (melded)
 y - a +0 helmet (melded)
Jewellery
 i - a +6 ring of intelligence (left branch)
 l - an uncursed ring of magical power
 m - a ring of positive energy (right branch)
Magical devices
 t - a wand of fire (9)
Scrolls
 h - 5 scrolls of identify
 q - a scroll of enchant weapon {unknown}
 r - 2 scrolls of fog
Potions
 j - 2 potions of haste {!q}
 n - 2 potions of agility {!q}
Books
 u - a Young Poisoner's Handbook
Comestibles
 f - 3 bread rations {!e}
 o - a meat ration {!e}
 p - 2 chunks of flesh


   Skills:
 - Level 2.0 Fighting
 * Level 5.0 Crossbows
 - Level 2.6 Throwing
 - Level 1.0 Armour
 - Level 2.4 Spellcasting
   Level 1.5 Poison Magic


You had 7 spell levels left.
You didn't know any spells.

Dungeon Overview and Level Annotations

Branches:
Dungeon (3/15)

Altars:

Annotations:
D:3 mrath's ghost, average GrEE


Innate Abilities, Weirdness & Mutations

((You have hooves in place of feet.))
((Armour fits poorly on your strangely shaped body.))
((You cover ground very quickly.))
((You have extremely tough skin (AC +3).))


Message History

The killer bee misses you.
A killer bee comes into view.
Damage: 6 (max 6)
You barely miss the rat.
You feel sick. The killer bee closely misses you.
The killer bee closely misses you. x2
The rat misses you. The killer bee completely misses you.
The killer bee barely misses you.
A killer bee comes into view.
Damage: 1 (max 6) Unknown command.
The killer bee buzzes angrily. x2
You puncture the rat!
You kill the rat!
You feel sick.
The killer bee stings you but does no damage.
The killer bee closely misses you. The killer bee misses you.
The killer bee closely misses you. The killer bee barely misses you.
The killer bee stings you!
You are more poisoned.
The killer bee poisons you!
Damage: 8 (max 8)
You see here a rat corpse.
You feel sick. The killer bee stings you!
* * * LOW HITPOINT WARNING * * *
You are more poisoned.
The killer bee poisons you!
Damage: 9 (max 9) Unknown command.
Evoke which item? (* to show all) (? for menu, Esc to quit)
Zapping:
t - a wand of fire (will waste charges)
Press: ? - help, Shift-Dir - straight line, f - killer bee
Aim: a killer bee The bolt of fire hits the killer bee.
You kill the killer bee!
Your Crossbows skill increases to level 5!
The bolt of fire misses the killer bee. x2
The bolt of fire hits the killer bee.
The killer bee is heavily wounded.
Evoking this partially-identified wand wasted a few charges.
* * * LOW HITPOINT WARNING * * *
You feel sick. The killer bee misses you.
Damage: 2 (max 9) Drink which item? (? for menu, Esc to quit)
Really quaff
d - a potion of lignification {!q}?
You turn into a tree.
Your +0 helmet melds into your body.
Your +1 pair of gloves melds into your body.
Your +0 ring mail melds into your body.
Your roots penetrate the ground.
* * * LOW HITPOINT WARNING * * *
You feel sick. The killer bee stings you.
You die...

#####.#..###. .
#........#.. .#
#........#.# #.#
#........#.##...
#####......y#.#
#######yy.#
#y### #y# #♣#
#...# ......#
........#
.....#.##
.....#. .... ##
....


You could see 5 killer bees.

Vanquished Creatures
  A killer bee (D:3)
  Robin (D:1)
  An adder (D:2)
  2 worms
  An orc (D:3)
  2 ball pythons (D:2)
  14 goblins
  6 hobgoblins
  3 bats
  A giant cockroach (D:2)
  7 jackals (D:2)
  7 kobolds
  7 rats
53 creatures vanquished.

Notes
Turn   | Place    | Note
--------------------------------------------------------------
     0 | D:1      | Gorice the Centaur Wanderer began the quest for the Orb.
     0 | D:1      | Gorice set off with: a Young Poisoner's Handbook, a +0 hand crossbow, 22 bolts, a potion of lignification {!q}, a +0 robe, a bread ration {!e}
     0 | D:1      | Reached XP level 1. HP: 17/17 MP: 3/3
    21 | D:1      | Reached skill level 1 in Crossbows
   392 | D:1      | Reached XP level 2. HP: 24/24 MP: 5/5
   421 | D:1      | Reached skill level 2 in Crossbows
   918 | D:2      | Reached XP level 3. HP: 29/29 MP: 6/6
   920 | D:2      | Reached skill level 3 in Crossbows
  1160 | D:2      | Noticed Robin
  1384 | D:1      | HP: 6/29 [goblin/club[Robin] (4)]
  1394 | D:1      | HP: 6/29 [Robin/trident (1)]
  1399 | D:1      | Killed Robin
  1399 | D:1      | Reached skill level 4 in Crossbows
  1677 | D:2      | Reached XP level 4. HP: 32/36 MP: 7/7
  2171 | D:3      | Noticed mrath's ghost (average GrEE)
  2197 | D:3      | HP: 5/36 [killer bee (8)]
  2198 | D:3      | Reached skill level 5 in Crossbows
  2199 | D:3      | HP: 2/54 [poisoned by a killer bee]
  2199 | D:3      | Slain by a killer bee

Vault maps used:
D:1:      scummos_arrival_forest
D:2:      uniq_robin
D:3:      overflow_temple_1_default

Action                   |  1- 3 |  4- 6 || total
-------------------------+-------+-------++-------
Melee: Short sword       |    26 |       ||    26
       Trident           |     7 |    21 ||    28
 Fire: Hand crossbow     |    83 |       ||    83
Evoke: Wand              |       |     1 ||     1
  Use: Scroll            |     6 |     4 ||    10
       Potion            |     2 |     2 ||     4
  Eat: Chunk             |     2 |     1 ||     3

Table legend:
 A = Turns spent in this place as a percentage of turns spent in the entire game.
 B = Non-inter-level travel turns spent in this place as a percentage of non-inter-level travel turns spent in the entire game.
 C = Inter-level travel turns spent in this place as a percentage of turns spent in this place.
 D = Turns resting spent in this place as a percentage of non-inter-level travel turns spent in this place.
 E = Turns spent auto-exploring this place as a percentage of non-inter-level travel turns spent in this place.
 F = Non-inter-level travel turns spent in this place divided by the number of levels of this place that you've seen.
                   A       B       C       D       E      F
               +-------+-------+-------+-------+-------+----------------------
         Total | 100.0 | 100.0 |   0.4 |   2.9 |   5.0 | 254.0
       Dungeon | 100.0 | 100.0 |   0.4 |   2.9 |   5.0 | 254.0
               +-------+-------+-------+-------+-------+----------------------

Vault maps used:
D:1:      scummos_arrival_forest
D:2:      uniq_robin
D:3:      overflow_temple_1_default
